 Dungeon Crawl Stone Soup version 0.29.0-4-gdea44cf6ec (webtiles) character file.

Game seed: 2225669206899617274

50 qw the Chopper (level 3, 0/23 HPs)
             Began as a Gargoyle Fighter on Sept 10, 2022.
             Slain by an adder (1 damage)
             ... on level 2 of the Dungeon.
             The game lasted 00:00:28 (1407 turns).

qw the Chopper (Gargoyle Fighter)                   Turns: 1407, Time: 00:00:28

Health: 0/23       AC: 10    Str: 21    XL:     3   Next: 79%
Magic:  3/3        EV:  9    Int:  8    God:
Gold:   46         SH:  4    Dex:  9    Spells: 2/2 levels left

rFire   . . .      SeeInvis .   Y - +0 war axe
rCold   . . .      Faith    .   c - +0 buckler
rNeg    + . .      Spirit   .   b - +0 scale mail
rPois   inf        Reflect  .   (no helmet)
rElec   +          Harm     .   (no cloak)
rCorr   .          Rampage  .   (no gloves)
Will    .....                   (no boots)
Stlth   ..........              (no amulet)
HPRegen 0.07/turn               (no ring)
MPRegen 0.08/turn               (no ring)

@: no status effects
A: sickness immunity, AC +3, negative energy resistance 1, electricity
resistance, torment resistance 1, petrification resistance
a: no special abilities


You were on level 2 of the Dungeon.
You visited 1 branch of the dungeon, and saw 2 of its levels.

You collected 46 gold pieces.


Innate Abilities, Weirdness & Mutations

You are immune to sickness and miasma.
Your stone body is resilient. (AC +3)
You are immune to poison.
You resist negative energy. (rN+)
You are resistant to electric shocks. (rElec)
You are resistant to unholy torment.
You are immune to petrification.


   Skills:
 - Level 3.2 Fighting
 + Level 3.6 Axes
 - Level 3.2 Armour
 - Level 3.2 Shields


You had 2 spell levels left.
You didn't know any spells.
Your spell library was empty.

Inventory:

Hand Weapons
 e - a +0 whip
 Y - a +0 war axe (weapon)
Missiles
 k - 4 boomerangs (quivered)
Armour
 b - a +0 scale mail (worn)
 c - a +0 buckler (worn)
Potions
 d - a potion of might
 f - a potion of heal wounds {unknown}
 i - a potion of mutation {unknown}

Dungeon Overview and Level Annotations

Branches:
Dungeon (2/15)

Altars:


Message History

The bat barely misses you.
A gnoll comes into view. It is wielding a +0 spear.
The adder closely misses you. The gnoll closely misses you.
A gnoll comes into view. It is wielding a +0 club.
The gnoll shouts!
You hit the adder but do no damage.
The adder is severely wounded.
The bat hits you but does no damage. The adder bites you but does no damage.
The adder closely misses you.
The gnoll hits you from afar with a +0 spear.
A gnoll comes into view. It is wielding a +0 halberd.
You barely miss the adder.
The adder is severely wounded.
The gnoll shouts!
You hear a shout!
You hear a bark!
The bat barely misses you. The adder barely misses you.
The gnoll completely misses you. The adder barely misses you.
You closely miss the adder.
The adder is severely wounded.
The bat hits you.
The gnoll hits you from afar with a +0 spear.
The adder closely misses you. The gnoll hits you but does no damage.
The adder barely misses you.
You closely miss the adder.
The adder is severely wounded.
The bat barely misses you. The adder bites you but does no damage.
The gnoll hits you from afar with a +0 spear.
The gnoll barely misses you.
You miss the adder.
The adder is severely wounded.
The bat hits you but does no damage. You block the adder's attack.
The gnoll closely misses you.
The gnoll hits you from afar with a +0 spear.
The adder bites you but does no damage.
The gnoll hits you from afar with a +0 spear.
The gnoll hits you from afar with a +0 halberd.
The gnoll closely misses you.
You miss the adder.
The adder is severely wounded.
The bat barely misses you. The adder bites you.
You die...

# #.# #.#
####.%....... #
##.#######.#######
###..##.##
#..#.............#
#..##.##
#.##.#####....##.#
#....... ####.##.#
####.# #...#.##
l.......# #.#
###.#<## ####.#..#
#.# #.#... #.#..#
####?##.####
#.#### #.#..#
#...@b.<.... ..#
#.#..#
#.##S...#### ...
#.#..# #.


gggg(# #.# ...... .. .......# #.# >##..### ........# .).......# [........=.
.....##..#.#. You could see 4 gnolls, an adder and a bat.

Vanquished Creatures
  Jessica (D:2)
  A worm (D:2)
  A bat (D:1)
  2 endoplasms (D:1)
  2 giant cockroaches (D:1)
  2 goblins
  A hobgoblin (D:1)
  4 jackals (D:1)
  A quokka (D:1)
  A frilled lizard (D:2)
  3 rats
19 creatures vanquished.

Notes
Turn   | Place    | Note
-------+----------+-------------------------------------------
     0 | D:1      | qw the Gargoyle Fighter began the quest for the Orb.
     0 | D:1      | Reached XP level 1. HP: 14/14 MP: 1/1
     0 | D:1      | 0 ||| qw: Version: 0.1-a-113-g051387a
     0 | D:1      | 0 ||| qw: Game counter: 7388
     0 | D:1      | 0 ||| qw: Always use a shield: true
     0 | D:1      | 0 ||| qw: God list: Okawaru
     0 | D:1      | 0 ||| qw: Allow faded altars: false
     0 | D:1      | 0 ||| qw: Do Orc after D:15 true
     0 | D:1      | 0 ||| qw: Do second Lair branch before Depths: true
     0 | D:1      | 0 ||| qw: Lair rune preference: random
     0 | D:1      | 0 ||| qw: Plans: Normal, Zot, God:TSO, Crypt, Tomb, Zig,
                  | Orb
     0 | D:1      | 0 ||| PLANNING D:1-11
    27 | D:1      | Found a faded altar of an unknown god.
   132 | D:1      | Reached XP level 2. HP: 16/19 MP: 2/2
   946 | D:1      | 946 ||| READING scroll labelled PUNOPR CYHO.
   947 | D:1      | 947 ||| READING scroll labelled IFEUNAITITS.
   948 | D:1      | 948 ||| READING scroll labelled ZIPTIR AMEULOI.
  1051 | D:2      | 1051 ||| Stepping ~*~*~tactically~*~*~ (stealth).
  1057 | D:2      | Noticed Jessica
  1058 | D:2      | 1058 ||| FLEEEEING.
  1061 | D:2      | 1061 ||| FLEEEEING.
  1062 | D:2      | 1062 ||| FLEEEEING.
  1065 | D:2      | 1065 ||| FLEEEEING.
  1066 | D:2      | 1066 ||| FLEEEEING.
  1067 | D:2      | 1067 ||| FLEEEEING.
  1068 | D:2      | 1068 ||| FLEEEEING.
  1069 | D:2      | 1069 ||| FLEEEEING.
  1070 | D:2      | 1070 ||| FLEEEEING.
  1071 | D:2      | 1071 ||| FLEEEEING.
  1072 | D:2      | 1072 ||| FLEEEEING.
  1073 | D:2      | 1073 ||| FLEEEEING.
  1076 | D:2      | 1076 ||| FLEEEEING.
  1077 | D:2      | 1077 ||| FLEEEEING.
  1078 | D:2      | 1078 ||| FLEEEEING.
  1081 | D:2      | 1081 ||| FLEEEEING.
  1082 | D:2      | 1082 ||| FLEEEEING.
  1083 | D:2      | 1083 ||| FLEEEEING.
  1084 | D:2      | 1084 ||| FLEEEEING.
  1085 | D:2      | 1085 ||| FLEEEEING.
  1088 | D:2      | 1088 ||| FLEEEEING.
  1090 | D:2      | 1090 ||| FLEEEEING.
  1092 | D:2      | 1092 ||| FLEEEEING.
  1093 | D:2      | 1093 ||| FLEEEEING.
  1094 | D:2      | 1094 ||| FLEEEEING.
  1095 | D:2      | 1095 ||| FLEEEEING.
  1096 | D:2      | 1096 ||| FLEEEEING.
  1097 | D:2      | 1097 ||| FLEEEEING.
  1105 | D:2      | Killed Jessica
  1106 | D:2      | Reached skill level 3 in Axes
  1106 | D:2      | Reached XP level 3. HP: 12/23 MP: 3/3
  1406 | D:2      | HP: 4/23 [gnoll/+0 spear (6)]
  1406 | D:2      | HP: 1/23 [gnoll/+0 halberd (3)]
  1407 | D:2      | Slain by an adder

Levels and vault maps discovered:
D:1:      dpeg_arrival_tiny_g, layout_basic, basic_ecumenical_altar,
          columned_hall_lemuel
D:2:      layout_loops_ring, uniq_jessica

Skill      XL: |  1  2 |
---------------+-------+-----
Axes           | 2 3 |  3.6
Fighting       | |  3.2
Armour         | |  3.2
Shields        | |  3.2

Action                   || total
-------------------------++-------
Melee: War axe           ||    66
Throw: Boomerang         ||     9
  Use: Scroll            ||     3
Armor: Scale mail        ||    37
Dodge: Dodged            ||    52
Block: Buckler           ||    15

Table legend:
 A = Non-vault XP
 B = Vault XP
 C = Vault XP percentage of total XP
 D = Non-vault monster count
 E = Vault monster count
 F = Vault count percentage of total count
                 A         B        C        D         E       F
            +---------+---------+-------+---------+---------+-------
      Total |      35 |      37 |  51.4 |      18 |       1 |   5.3
            +---------+---------+-------+---------+---------+-------
        D:1 |      26 |       0 |   0.0 |      14 |       0 |   0.0
        D:2 |       9 |      37 |  80.4 |       4 |       1 |  20.0
            +---------+---------+-------+---------+---------+-------
